 Dungeon Crawl Stone Soup version 0.18.1-6-gd335043 (webtiles) character file.

95 M4edhros the Conjurer (level 4, 0/30 HPs)
             Began as a Mummy Conjurer on May 15, 2016.
             Slain by a goblin
             ... wielding a +0 dagger
             ... led by Robin
              (1 damage)
             ... on level 2 of the Dungeon.
             The game lasted 00:05:09 (2895 turns).

M4edhros the Conjurer (Mummy Conjurer)              Turns: 2895, Time: 00:05:10

Health: 0/30       AC:  2    Str: 11    XL:     4   Next: 40%
Magic:  1/9        EV: 12    Int: 15    God:
Gold:   53         SH:  0    Dex: 12    Spells: 2 memorised, 6 levels left

rFire  x . .     SeeInvis .     h - +0 hunting sling
rCold  + . .     Gourm    .     a - +0 robe
rNeg   + + +     Faith    .     (no shield)
rPois  ∞         Spirit   .     (no helmet)
rElec  .         Dismiss  .     (no cloak)
rCorr  .         Reflect  .     (no gloves)
SustAt .         Harm     .     (no boots)
MR     .....                    (no amulet)
Stlth  ++........               (no ring)
                                (no ring)

@: not resistant to hostile enchantments, unstealthy
A: no food or potions, fire vulnerability, cold resistance 1, negative energy
resistance 3, torment resistance, unbreathing
a: no special abilities


You were on level 2 of the Dungeon.
You were not hungry.

You visited 1 branch of the dungeon, and saw 2 of its levels.

You collected 53 gold pieces.

Inventory:

Hand Weapons
 h - a +0 hunting sling (weapon)
Missiles
 i - 20 stones (quivered)
Armour
 a - a +0 robe (worn)
Scrolls
 c - 5 scrolls of remove curse
 e - 2 scrolls of identify {unknown}
 f - a scroll of immolation {unknown}
 k - a scroll of amnesia
Books
 b - a book of Conjurations

   Spells                             Type                      Level
   a - Magic Dart                     Conjuration                  1
   b - Searing Ray                    Conjuration                  2
   c - Dazzling Spray                 Conjuration/Hexes            3
   d - Fulminant Prism                Conjuration/Hexes            4
   e - Iskenderun's Mystic Blast      Conjuration                  4
   f - Iskenderun's Battlesphere      Conjuration/Charms           5


   Skills:
 - Level 1.5 Dodging
 - Level 1.5 Stealth
 + Level 3.3 Spellcasting
 + Level 4.1 Conjurations


You had 6 spell levels left.
You knew the following spells:

 Your Spells              Type           Power        Failure   Level  Hunger
a - Magic Dart            Conj           ##..         4%          1    N/A
b - Searing Ray           Conj           ##....       8%          2    N/A

Dungeon Overview and Level Annotations

Branches:
Dungeon (2/15)

Altars:

Annotations:
D:2 Robin, Sigmund


Innate Abilities, Weirdness & Mutations

You do not eat or drink.
Your flesh is vulnerable to fire.
You are immune to poison.
Your flesh is cold resistant.
You are immune to negative energy.
You are immune to unholy pain and torment.
You can survive without breathing.


Message History

A puff of flame appears from out of thin air!
The puff of flame hits you! The fire burns you terribly!
* * * LOW HITPOINT WARNING * * *
Your surroundings suddenly seem different.
A hobgoblin comes into view. It is wielding a club.
The hobgoblin shouts! 3 goblins come into view.
You can't drink.
The goblin shouts! x2
The goblin throws a stone.
The stone closely misses you.
Robin roars a battlecry!
The goblins go into a battle-frenzy!
A giant cockroach comes into view.
Robin says, "Kneel, worm!"
The goblin throws a stone.
The stone hits you.
* * * LOW HITPOINT WARNING * * *
You see here a stone.
The goblin throws a stone.
The stone barely misses you. Robin throws the goblin at you!
The goblin hits you with a dagger.
You die...

....... #.....#
#.....# #.....#
#.....###### #.
#....g.g.g.g
#..#....g######
#....(...#
#...s.@..#
#....g...#
......#'####
####()#.###
###(#'#..
#(.(....#
#(...(..#
###....)..#
.((....(.#


You could see Robin, a giant cockroach and 3 goblins.

Vanquished Creatures
  2 gnolls
  An adder (D:2)
  3 worms (D:2)
  A giant gecko (D:1)
  8 bats
  A giant cockroach (D:1)
  10 goblins
  4 hobgoblins
  10 jackals (D:1)
  A quokka (D:2)
  A giant newt (D:2)
  6 kobolds
  8 rats
56 creatures vanquished.

Notes
Turn   | Place    | Note
--------------------------------------------------------------
     0 | D:1      | M4edhros the Mummy Conjurer began the quest for the Orb.
     0 | D:1      | Reached XP level 1. HP: 13/13 MP: 3/3
   490 | D:1      | Reached XP level 2. HP: 19/19 MP: 3/5
  1485 | D:1      | Reached XP level 3. HP: 15/24 MP: 0/7
  1790 | D:1      | Learned a level 2 spell: Searing Ray
  1828 | D:2      | Noticed Robin
  2419 | D:2      | Reached XP level 4. HP: 30/30 MP: 5/8
  2474 | D:1      | Reached skill level 4 in Conjurations
  2877 | D:2      | Noticed Sigmund
  2894 | D:2      | HP: 1/30 [goblin/stone[Robin] (1)]
  2895 | D:2      | Slain by a goblin

Skill      XL: |  1  2  3  4 |
---------------+-------------+-----
Spellcasting   | 3 |  3.3
Conjurations   | 4 |  4.1
Dodging        | |  1.5
Stealth        | |  1.5

Action                   |  1- 3 |  4- 6 || total
-------------------------+-------+-------++-------
Melee: Unarmed           |    44 |       ||    44
 Fire: Hunting sling     |    56 |    13 ||    69
Throw: Tomahawk          |     3 |       ||     3
 Cast: Magic Dart        |    88 |    22 ||   110
       Searing Ray       |       |     3 ||     3
  Use: Scroll            |     3 |     2 ||     5
Armor: Robe              |    52 |     3 ||    55
Dodge: Dodged            |   127 |    17 ||   144
